 Dungeon Crawl Stone Soup version 0.16-a0-3913-g9d9d7ce (webtiles) character file.

104823 Ololoev the Bludgeoner (level 16, 0/250 HPs)
             Began as an Ogre Hunter on Feb 4, 2015.
             Was the Champion of Okawaru.
             Slain by a naga warrior
             ... wielding a +0 club
              (7 damage)
             ... on level 2 of the Snake Pit.
             The game lasted 02:16:04 (31249 turns).

Ololoev the Bludgeoner (Ogre Hunter)               Turns: 31249, Time: 02:16:04

Health: 0/250      AC: 17    Str: 27      XL:     16   Next: 39%
Magic:  29/29      EV: 15    Int:  8 (10) God:    Okawaru [******]
Gold:   1324       SH:  0    Dex: 14      Spells: 2 memorised, 11 levels left

rFire  + . .     SeeInvis .     a - +4 giant club "Caiguaw" {crush, rPois+}
rCold  + . .     Clarity  .     O - +2 robe {rC+ rF+}
rNeg   . . .     SustAb   .     (shield restricted)
rPois  +         Gourm    .     N - +2 hat {MR+}
rElec  .         Spirit   .     U - +0 cloak
rCorr  .         Warding  .     (gloves unavailable)
rMut   .         Stasis   .     (boots unavailable)
MR     ++...                    l - amulet of regeneration
Stlth  ..........               Z - +4 ring of protection
                                V - +4 ring of protection

@: berserking, lethally poisoned (0 -> 0), constricted, very quick, very
resistant to hostile enchantments, extremely unstealthy
A: unfitting armour, tough skin 1
a: Heroism, Finesse, Renounce Religion


You were on level 2 of the Snake Pit.
You worshipped Okawaru.
Okawaru was exalted by your worship.
You were not hungry.

You visited 5 branches of the dungeon, and saw 28 of its levels.
You also visited: Ice Cave.

You collected 3032 gold pieces.
You spent 1708 gold pieces at shops.

Notes
Turn   | Place    | Note
--------------------------------------------------------------
     0 | D:1      | Ololoev, the Ogre Hunter, began the quest for the Orb.
     0 | D:1      | Reached XP level 1. HP: 22/22 MP: 1/1
    74 | D:1      | Reached XP level 2. HP: 29/29 MP: 2/2
   115 | D:1      | Reached skill level 5 in Throwing
   498 | D:1      | Reached skill level 1 in Maces & Flails
   498 | D:1      | Reached XP level 3. HP: 33/36 MP: 3/3
  1195 | D:2      | Reached XP level 4. HP: 18/44 MP: 4/4
  1302 | D:2      | Found an iron altar of Okawaru.
  1307 | D:2      | Became a worshipper of Warmaster Okawaru
  1748 | D:3      | Reached XP level 5. HP: 50/50 MP: 5/5
  1924 | D:3      | Reached skill level 5 in Maces & Flails
  1997 | D:3      | Reached skill level 6 in Throwing
  2113 | D:3      | Reached XP level 6. HP: 38/59 MP: 6/6
  2453 | D:3      | Acquired Okawaru's first power
  2961 | D:3      | HP: 1/59 [gnoll/whip (6)]
  3118 | D:3      | Reached XP level 7. HP: 55/66 MP: 7/7
  3141 | D:3      | Reached skill level 7 in Maces & Flails
  3750 | D:3      | Noticed a gnoll sergeant
  3782 | D:3      | Killed a gnoll sergeant
  3782 | D:3      | Reached skill level 8 in Maces & Flails
  4358 | D:3      | Found a basalt altar of Yredelemnul.
  4595 | D:4      | Reached XP level 8. HP: 74/74 MP: 8/8
  4853 | D:4      | Found a sacrificial altar of Ru.
  4883 | D:4      | Found a snail-covered altar of Cheibriados.
  4959 | D:4      | Reached skill level 9 in Maces & Flails
  5275 | D:5      | Entered Level 5 of the Dungeon
  6173 | D:6      | Reached skill level 10 in Maces & Flails
  6327 | D:6      | Reached skill level 11 in Maces & Flails
  6356 | D:6      | Found Igomp's Distillery.
  6363 | D:6      | Bought a potion of cancellation for 104 gold pieces
  6363 | D:6      | Bought a potion of flight for 39 gold pieces
  6363 | D:6      | Bought a potion of curing for 39 gold pieces
  6471 | D:6      | Found a bloodstained altar of Trog.
  6515 | D:6      | Reached XP level 9. HP: 74/80 MP: 9/9
  6960 | D:7      | Found an opulent altar of Gozag.
  7065 | D:7      | Reached skill level 12 in Maces & Flails
  7536 | D:7      | Found a staircase to the Ecumenical Temple.
  7541 | Temple   | Entered the Ecumenical Temple
  7793 | D:7      | Found a bloodstained altar of Trog.
  8385 | D:8      | Learned a level 1 spell: Summon Butterflies
  8518 | D:8      | Reached skill level 1 in Evocations
  8633 | D:8      | Reached skill level 1 in Armour
  9104 | D:9      | Reached XP level 10. HP: 53/93 MP: 11/13
  9895 | D:9      | Found a blossoming altar of Fedhas.
  9950 | D:9      | Reached skill level 5 in Fighting
  9954 | D:9      | Reached skill level 13 in Maces & Flails
 10748 | D:10     | Entered Level 10 of the Dungeon
 10748 | D:10     | Noticed a hill giant
 10784 | D:9      | Received a gift from Okawaru
 10864 | D:10     | Found Asoaw's General Store.
 11104 | D:10     | Noticed a hill giant
 11133 | D:10     | Killed a hill giant
 11133 | D:10     | Acquired Okawaru's second power
 11133 | D:10     | Received a gift from Okawaru
 11185 | D:9      | Reached skill level 10 in Throwing
 11403 | D:10     | Killed a hill giant
 11403 | D:10     | Received a gift from Okawaru
 11404 | D:10     | Got a jewelled giant club {god gift}
 11405 | D:10     | Identified the +4 giant club "Caiguaw" {crush, rPois+} (Okawaru gifted it to you on level 10 of the Dungeon)
 11455 | D:10     | Found a staircase to the Orcish Mines.
 11587 | D:10     | Reached XP level 11. HP: 109/109 MP: 18/18
 11624 | D:10     | Noticed a hill giant
 11636 | D:10     | Killed a hill giant
 11957 | D:10     | Found a roughly hewn altar of Beogh.
 12194 | D:10     | Bought a scroll of fog for 34 gold pieces
 12354 | Orc:1    | Entered Level 1 of the Orcish Mines
 12614 | Orc:1    | Reached skill level 5 in Evocations
 12939 | Orc:2    | Found Lirylikaam's Magic Scroll Shoppe.
 13369 | Orc:2    | Received a gift from Okawaru
 13456 | Orc:2    | Bought a scroll of acquirement for 728 gold pieces
 13853 | Orc:1    | Found a glowing silver altar of Zin.
 13995 | Orc:3    | Found a staircase to the Elven Halls.
 14404 | Orc:3    | Received a gift from Okawaru
 14825 | Orc:4    | Entered Level 4 of the Orcish Mines
 15558 | Orc:4    | Received a gift from Okawaru
 15558 | Orc:4    | Reached skill level 5 in Dodging
 15917 | Orc:4    | Noticed an orc high priest
 15923 | Orc:4    | Noticed an ice devil
 15929 | Orc:4    | Killed an orc high priest
 15930 | Orc:4    | Paralysed by an orc sorcerer for 7 turns
 15934 | Orc:4    | Noticed a soul eater
 15934 | Orc:4    | Killed an ice devil
 16291 | Orc:4    | Reached skill level 14 in Maces & Flails
 16291 | Orc:4    | Reached XP level 12. HP: 117/126 MP: 21/21
 16314 | Orc:4    | Noticed an orc knight
 16356 | Orc:4    | Killed an orc knight
 16356 | Orc:4    | Reached skill level 10 in Fighting
 16482 | Orc:4    | Noticed an orc warlord
 16507 | Orc:4    | Killed an orc warlord
 16977 | D:6      | Bought a potion of experience for 650 gold pieces
 16977 | D:6      | Bought a potion of mutation for 32 gold pieces
 16977 | D:6      | Reached skill level 16 in Maces & Flails
 16977 | D:6      | Reached XP level 13. HP: 135/135 MP: 23/23
 17191 | Orc:4    | Noticed an orc high priest
 17197 | Orc:4    | Noticed an orc high priest
 17200 | Orc:4    | Killed an orc high priest
 17200 | Orc:4    | Reached skill level 17 in Maces & Flails
 17211 | Orc:4    | Killed an orc high priest
 17406 | Orc:4    | Noticed an orc high priest
 17452 | Orc:4    | Killed an orc high priest
 17570 | Orc:4    | Noticed an orc knight
 17598 | Orc:4    | Killed an orc knight
 17770 | Orc:4    | Noticed an orc knight
 17997 | Orc:4    | Received a gift from Okawaru
 17998 | Orc:4    | Got a silken robe {god gift}
 18011 | Orc:4    | Identified the -2 robe "Gittiot" {MP+9 Str+2 Dex+4} (Okawaru gifted it to you on level 4 of the Orcish Mines)
 18098 | Orc:4    | Found Osiusiux's General Store.
 18134 | Orc:4    | Killed an orc knight
 18157 | Orc:4    | Found Kluzeon's Antique Armour Shoppe.
 18157 | Orc:4    | Found Gain's Antique Weapon Emporium.
 18170 | Orc:4    | Found Kes Nicoac's Book Shoppe.
 18175 | Orc:4    | Bought a scroll of identify for 30 gold pieces
 18197 | Orc:4    | Bought a scroll of immolation for 52 gold pieces
 18350 | D:11     | Found a staircase to the Lair.
 18772 | D:11     | Found Egiuquhe's Weapon Emporium.
 19365 | D:12     | Noticed Josephine
 19373 | D:12     | Killed Josephine
 19581 | Lair:1   | Entered Level 1 of the Lair of Beasts
 20015 | Lair:1   | Reached XP level 14. HP: 148/150 MP: 26/26
 20515 | Lair:1   | Received a gift from Okawaru
 20786 | Lair:2   | Received a gift from Okawaru
 21561 | Lair:3   | Received a gift from Okawaru
 21578 | Lair:3   | Found a staircase to the Snake Pit.
 21593 | Lair:3   | Noticed Snorg
 21602 | Lair:3   | Killed Snorg
 21602 | Lair:3   | Reached skill level 5 in Armour
 21793 | Lair:3   | Noticed Gastronok
 21849 | Lair:3   | Killed Gastronok
 21987 | Lair:3   | Received a gift from Okawaru
 22323 | Lair:3   | Noticed Rupert
 22471 | Lair:3   | Killed Rupert
 23098 | Lair:3   | Reached skill level 18 in Maces & Flails
 23106 | Lair:3   | Learned a level 3 spell: Flight
 25107 | Lair:5   | Found a staircase to the Swamp.
 25388 | Lair:6   | Noticed Fannar
 25397 | Lair:6   | Killed Fannar
 25416 | Lair:6   | Found a frozen archway.
 25437 | IceCv    | Entered an ice cave
 25501 | IceCv    | Reached XP level 15. HP: 134/158 MP: 28/28
 25549 | Lair:6   | Received a gift from Okawaru
 25561 | Lair:6   | Got a faintly glowing giant spiked club {god gift}
 25604 | Lair:6   | Identified the +10 giant spiked club of Resourcefulness {crush, Noisy rF++ Int+3 Dex-4 Stlth-} (Okawaru gifted it to you on level 6 of the Lair of Beasts)
 25792 | Lair:6   | Reached skill level 10 in Evocations
 26705 | Lair:8   | Entered Level 8 of the Lair of Beasts
 26785 | Lair:8   | Found a staircase to the Slime Pits.
 26786 | Lair:8   | Found a viscous altar of Jiyva.
 27478 | Lair:8   | Found a runed door.
 27486 | Lair:8   | Received a gift from Okawaru
 27773 | Lair:8   | Received a gift from Okawaru
 28124 | Snake:1  | Entered Level 1 of the Snake Pit
 28207 | Snake:1  | Received a gift from Okawaru
 28259 | Snake:1  | Reached skill level 19 in Maces & Flails
 28498 | Snake:1  | Received a gift from Okawaru
 28680 | Snake:1  | Received a gift from Okawaru
 29313 | Snake:1  | Found Hacekhlo's Weapon Shoppe.
 29726 | Snake:2  | Received a gift from Okawaru
 29925 | Snake:2  | Received a gift from Okawaru
 29926 | Snake:2  | Reached XP level 16. HP: 68/167 MP: 0/29
 29940 | Snake:2  | Got an ancient giant spiked club {god gift}
 30098 | Snake:2  | Identified the +3 giant spiked club of the Spectre {antimagic, rF- Dex+11 Stlth-} (Okawaru gifted it to you on level 2 of the Snake Pit)
 30285 | Snake:2  | Noticed Aizul
 30317 | Snake:2  | Killed Aizul
 30521 | Snake:2  | Reached skill level 10 in Armour
 30596 | Snake:2  | Found Waerun's Antique Armour Shop.
 30599 | Snake:2  | Noticed Agnes
 30609 | Snake:2  | Killed Agnes
 31042 | Snake:3  | Received a gift from Okawaru
 31098 | Snake:3  | Noticed Vashnia
 31249 | Snake:2  | HP: 7/250 [naga/scimitar (10)]
 31249 | Snake:2  | Slain by a naga warrior

Inventory:

Hand weapons
 a - the +4 giant club "Caiguaw" (weapon) {crush, rPois+}
   (Okawaru gifted it to you on level 10 of the Dungeon)

   It inflicts extra damage upon your enemies.
   It protects you from poison.
 b - a +3 blowgun
 B - the +3 giant spiked club of the Spectre {antimagic, rF- Dex+11 Stlth-}
   (Okawaru gifted it to you on level 2 of the Snake Pit)

   It disrupts the flow of magical energy around spellcasters and certain
   magical creatures (including the wielder).
   It affects your dexterity (+11).
   It makes you vulnerable to fire.
   It makes you less stealthy.
Missiles
 v - 3 throwing nets
 w - 5 large rocks (quivered)
 H - 24 tomahawks of dispersal
 Y - 5 javelins of penetration
Armour
 N - a +2 hat of magic resistance (worn)
 O - a +2 robe of resistance (worn)
 U - a +0 cloak (worn)
Jewellery
 l - an amulet of regeneration (around neck)
 V - a +4 ring of protection (left hand)
 Z - a +4 ring of protection (right hand)
Magical devices
 K - a wand of teleportation (4)
 M - a wand of enslavement (7)
 R - a wand of hasting (3)
Scrolls
 d - a scroll of silence {unknown}
 e - a scroll of enchant weapon
 j - 3 scrolls of recharging
 k - 2 scrolls of magic mapping
 o - a scroll of holy word {unknown}
 r - 3 scrolls of enchant armour
 u - 8 scrolls of remove curse
 y - 7 scrolls of teleportation
 E - a scroll of immolation
 G - 5 scrolls of blinking
 T - a scroll of fog
Potions
 c - 3 potions of restore abilities
 n - a potion of haste
 t - 3 potions of might
 z - 2 potions of mutation
 D - 2 potions of curing
 I - 2 potions of cancellation
 J - 3 potions of flight
 X - 3 potions of agility
Comestibles
 f - 8 meat rations
 g - 9 bread rations
 h - 3 poisonous chunks of flesh
 m - 9 beef jerkies
 p - 2 slices of pizza
 A - 11 royal jellies
 F - 26 fruits

Table legend:
 A = Turns spent in this place as a percentage of turns spent in the entire game.
 B = Non-inter-level travel turns spent in this place as a percentage of non-inter-level travel turns spent in the entire game.
 C = Inter-level travel turns spent in this place as a percentage of turns spent in this place.
 D = Turns resting spent in this place as a percentage of non-inter-level travel turns spent in this place.
 E = Turns spent auto-exploring this place as a percentage of non-inter-level travel turns spent in this place.
 F = Non-inter-level travel turns spent in this place divided by the number of levels of this place that you've seen.
                   A       B       C       D       E      F
               +-------+-------+-------+-------+-------+----------------------
         Total | 100.0 | 100.0 |   0.5 |   4.6 |   7.3 | 381.1
       Dungeon |  46.0 |  46.0 |   0.6 |   4.4 |   7.1 | 423.3
        Temple |   0.0 |   0.0 |   0.0 |   0.0 |   0.0 |   1.0
          Lair |  23.6 |  23.6 |   0.5 |   3.0 |  10.2 | 326.1
     Snake Pit |   9.4 |   9.5 |   0.2 |   9.8 |   6.0 | 349.0
  Orcish Mines |  20.3 |  20.3 |   0.5 |   4.4 |   5.3 | 559.8
      Ice Cave |   0.7 |   0.7 |   0.0 |   2.7 |   0.0 |  75.0
               +-------+-------+-------+-------+-------+----------------------


   Skills:
 - Level 12.6 Fighting
 + Level 19.6 Maces & Flails
 - Level 10.6 Throwing
 * Level 10.3 Armour
 + Level 9.8 Dodging
 - Level 0.7 Stealth
 + Level 11.2 Evocations


You had 11 spell levels left.
You knew the following spells:

 Your Spells              Type           Power        Failure   Level  Hunger
a - Summon Butterflies    Summ           #.......     43%         1    ##.....
b - Flight                Chrm/Air       #.........   95%         3    ####...


Dungeon Overview and Level Annotations

Branches:
Dungeon (12/15)            Temple (1/1) D:7            Lair (8/8) D:11
  Swamp (0/5) Lair:5        Snake (3/5) Lair:3        Slime (0/6) Lair:8
    Orc (4/4) D:10            Elf (0/3) Orc:3

Altars:
Cheibriados
Fedhas
Gozag
Makhleb
Okawaru
Ru
Trog
Xom
Yredelemnul
Zin
Beogh
Jiyva

Shops:
D:6 !   D:10 *   D:11 (   Orc:2 ?   Orc:4 :*[(   Snake:1 (   Snake:2 [

Annotations:
Snake:3 Vashnia


Innate Abilities, Weirdness & Mutations

You are too large for most types of armour.
You have tough skin (AC +1).


Message History

The naga warrior constricts you. The naga hits you but does no damage.
You pound the naga warrior like an anvil!!!
The naga warrior is severely wounded.
The naga warrior hits you with a club! The naga warrior constricts you.
The naga hits you but does no damage.
You are too injured to fight recklessly!
You are too injured to fight recklessly!
You are too injured to fight recklessly!
You are too injured to fight recklessly!
You closely miss the naga warrior.
The naga warrior is heavily wounded.
You hit the naga warrior but do no damage.
The naga warrior is heavily wounded.
The naga warrior spits poison at you. The splash of poison hits you!
You resist. The naga warrior constricts you. The naga hits you with a scimitar.
You sock the naga warrior!
The naga warrior is severely wounded.
The naga warrior hits you with a club! The naga warrior constricts you.
You bludgeon the naga warrior!!
The naga warrior is almost dead.
The naga misses you.
You closely miss the naga warrior.
The naga warrior is almost dead.
The naga warrior hits you with a club!! The naga warrior constricts you.
The naga spits poison at you. The splash of poison hits you!
You are poisoned.
You resist.
Drink which item? (? for menu, Esc to quit)
Okay, then.
You barely miss the naga warrior.
The naga warrior is almost dead.
You feel sick. The naga warrior hits you with a club!
The naga warrior constricts you.
Drink which item? (? for menu, Esc to quit)
A red film seems to cover your vision as you go berserk!
You feel yourself moving faster!
You feel mighty! The naga hits you with a scimitar!
The naga warrior hits you with a club!
You die...

##.....## ###.....###
##......####
###......####.
##......#####..
##......#####...
##.(>[.#####.....
##.[..[#####......
##@...#####........
##)NN.#####[........
##....####...........
##....####............
#....####.............
#.....................
##.......>............
##...................
##..................


You could see a naga warrior and a naga.

Table legend:
 A = Kills in this place as a percentage of kills in entire the game.
 B = Kills by you in this place as a percentage of kills by you in the entire game.
 C = Kills by friends in this place as a percentage of kills by friends in the entire game.
 D = Other kills in this place as a percentage of other kills in the entire game.
 E = Experience gained in this place as a percentage of experience gained in the entire game.
 F = Experience gained in this place divided by the number of levels of this place that you have seen.
                   A       B       C       D       E      F
               +-------+-------+-------+-------+-------+----------------------
         Total | 100.0 | 100.0 |  -nan | 100.0 | 100.0 | 4611.3
       Dungeon |  39.0 |  39.1 |  -nan |   0.0 |  14.5 | 1615.5
          Lair |  27.0 |  27.0 |  -nan |   0.0 |  40.3 | 6741.8
     Snake Pit |   7.9 |   7.9 |  -nan |   0.0 |  31.0 | 13826.7
  Orcish Mines |  25.3 |  25.2 |  -nan | 100.0 |  12.4 | 4157.8
      Ice Cave |   0.8 |   0.8 |  -nan |   0.0 |   1.7 | 2297.0
               +-------+-------+-------+-------+-------+----------------------

Vanquished Creatures
  Rupert (Lair:3)
  Agnes (Snake:2)
  A greater naga (Snake:3)
  An orc warlord (Orc:4)
  Aizul (Snake:2)
  Gastronok (Lair:3)
  Snorg (Lair:3)
  Josephine (D:12)
  Fannar (Lair:6)
  An ice dragon (Lair:8)
  3 naga warriors
  4 hydras
  4 orc high priests (Orc:4)
  5 naga sharpshooters
  A death yak (Lair:5)
  A salamander mystic (Snake:2)
  3 shock serpents
  An unseen horror (D:11)
  An ice devil (Orc:4)
  2 ice statues (IceCv)
  3 orc knights (Orc:4)
  2 lindwurms (Lair:8)
  4 naga ritualists
  3 hill giants (D:10)
  An ugly thing (D:11)
  12 mana vipers
  An oklob plant (Lair:3)
  3 griffons
  A manticore (D:11)
  A salamander (Snake:2)
  3 orc sorcerers (Orc:4)
  A guardian serpent (Snake:2)
  11 elephants
  15 black mambas
  13 naga magi
  5 spiny frogs
  6 torpor snails
  5 fire drakes
  6 komodo dragons
  2 trolls
  4 giant leeches (Lair:8)
  2 polar bears
  20 blink frogs
  A centaur simulacrum (D:12)
  A trapdoor spider zombie (D:9)
  A slime creature (D:11)
  A basilisk (Lair:1)
  3 wyverns
  A vampire mosquito (D:12)
  10 hippogriffs
  A chaos spawn (Orc:4)
  2 hungry ghosts
  29 yaks
  12 wolves
  3 wargs
  19 water moccasins
  12 porcupines
  24 nagas
  3 wasps (Lair:8)
  34 orc warriors
  12 ogres
  9 ice beasts
  3 necrophages
  13 giant frogs
  14 crocodiles
  13 centaurs
  A boring beetle (Lair:8)
  2 gnoll sergeants
  4 big kobolds
  4 brain worms (Lair:8)
  4 scorpions
  3 wights (D:12)
  A water moccasin skeleton (D:10)
  6 jellies
  18 killer bees
  10 hounds
  4 crimson imps
  5 giant frog zombies
  4 goliath beetles
  A wyvern simulacrum (D:12)
  2 centaur zombies (D:10)
  A wasp zombie (D:9)
  30 orc priests
  4 gnoll shamans (D:3)
  A giant frog skeleton (D:12)
  2 centaur skeletons
  46 orc wizards
  8 iguanas
  4 worker ants
  8 sheep (Lair:1)
  A mummy (D:11)
  A worker ant zombie (D:11)
  37 gnolls
  31 adders
  47 river rats
  3 shadow imps
  5 giant mites
  21 worms
  3 adder skeletons
  3 orc skeletons (Orc:4)
  9 giant geckos
  5 oozes (D:11)
  211 orcs
  A ball python (D:7)
  A bat skeleton (D:5)
  A bat zombie (D:6)
  4 giant cockroaches
  15 goblins
  20 hobgoblins
  30 jackals
  15 quokkas
  18 bats
  3 giant newts
  2 giant spores
  16 kobolds
  An orc zombie (Orc:4)
  13 rats
  13 ballistomycetes
  A bush (Lair:3)
  A fungus (Lair:8)
  3 plants (Lair:8)
1088 creatures vanquished.

Vanquished Creatures (others)
  A plant (Lair:8)
1 creature vanquished.

Grand Total: 1089 creatures vanquished

Action                   |  1- 3 |  4- 6 |  7- 9 | 10-12 | 13-15 | 16-18 || total
-------------------------+-------+-------+-------+-------+-------+-------++-------
Melee: Short sword       |    32 |       |       |       |       |       ||    32
       Club              |    95 |    74 |       |       |       |       ||   169
       Whip              |       |   225 |   260 |   152 |       |       ||   637
       Flail             |       |       |   415 |    84 |       |       ||   499
       Giant club        |       |       |       |   485 |  1244 |   121 ||  1850
       Blowgun           |       |       |       |       |     1 |       ||     1
       Giant spiked club |       |       |       |       |       |    24 ||    24
 Fire: Blowgun           |       |       |   108 |   185 |    34 |       ||   327
Throw: Large rock        |    12 |    27 |    19 |    36 |    23 |     6 ||   123
       Throwing net      |       |     4 |       |     3 |     4 |     1 ||    12
       Tomahawk          |       |       |       |     3 |       |       ||     3
       Javelin           |       |       |       |       |    23 |     2 ||    25
Invok: Heroism           |       |       |       |     5 |     7 |     1 ||    13
       Finesse           |       |       |       |     2 |     1 |       ||     3
Evoke: Wand              |       |    10 |     7 |    10 |     2 |     5 ||    34
  Use: Potion            |       |     1 |       |     4 |     8 |     4 ||    17
       Scroll            |       |       |     9 |    15 |    17 |     2 ||    43
 Stab: Sleeping          |       |     3 |     4 |     6 |     3 |       ||    16
       Held in net/web   |       |     1 |       |       |       |       ||     1
       Distracted        |       |       |     1 |     3 |     1 |       ||     5
       Confused          |       |       |     2 |       |       |       ||     2
       Fleeing           |       |       |       |     2 |       |       ||     2
  Eat: Chunk             |     1 |    10 |    19 |    34 |    55 |     7 ||   126
       Fruit             |       |       |     3 |     3 |       |       ||     6
       Pizza             |       |       |     1 |       |     2 |       ||     3
       Meat ration       |       |       |     1 |       |       |       ||     1

Vault maps used:
D:1:      dpeg_arrival_brainrot, kennysheep_doodads, minivault_25
D:2:      lemuel_crystal_altar, minmay_misc_feat_roman
D:3:      lemuel_castle_with_subvaults, lemuel_coloured_pillars_altar,
          first_bread
D:4:      cheibriados_altar_wand_db, nicolae_ru_sacrificial_ziggurat
D:6:      serial_shops, shop_fountains, trog_three_pillars_becter
D:7:      lemuel_round_altar, nicolae_gozag_cash_rules_everything_around_me,
          minmay_temple_entry_nine_rooms, minmay_unpleasant_kobolds
D:9:      old_forge, fedhas_altar_1
D:10:     minmay_orc_entry_temple_small, serial_shops, nicolae_shop_waterfront
D:11:     minmay_lair_entry_lava, serial_shops, nicolae_shop_behind_doors,
          hangedman_little_slice_of_home
D:12:     minmay_stepped, serial_column_ruins, column_ruins_hut,
          column_ruins_courtyard_long, column_ruins_grid_1,
          column_ruins_columns_straight, column_ruins_grid_3,
          column_ruins_corridor_dead_end, column_ruins_grid_1,
          column_ruins_open_medium, uniq_josephine
Temple:   circular_temple_12
Lair:1:   grunt_forest_large_clearings
Lair:2:   grunt_megastairs_3
Lair:3:   minmay_lair_oklob_items, guppyfry_snake_entry_garden,
          cheibrodos_lair_reptile_den, uniq_gastronok, uniq_rupert, uniq_snorg
Lair:5:   swamp_mist_pool, serial_bayou_shore_b, serial_bayou_shore_b
Lair:6:   portal_ice_cave_entry_pillars_02, uniq_fannar
Lair:7:   infiniplex_staircase_pool_2
Lair:8:   wormcave, slime_altar_1
Snake:1:  cheibrodos_snake_ritualist_ritual, serial_shops, shop
Snake:2:  serial_shops, shop_statue, basic_stair_grate_trap, uniq_agnes,
          uniq_aizul
Snake:3:  uniq_vashnia
Orc:1:    basic_altar
Orc:2:    serial_shops, nicolae_shop_trees
Orc:3:    nicolae_orc_pool_cavern
Orc:4:    st_orc_congregation
IceCv:    ice_cave_statue_garden_01
